 Dungeon Crawl Stone Soup version 0.29-a0-878-g7b45a56547 (webtiles) character file.

Game seed: 11750842043175274122

1476 buhh the Covert (level 8, -4/36 HPs)
             Began as a Spriggan Enchanter on July 20, 2022.
             Was a Follower of Dithmenos.
             Slain by an orc priest
             ... wielding a +0 flail
              (11 damage)
             ... on level 6 of the Dungeon.
             The game lasted 00:09:25 (6510 turns).

buhh the Covert (Spriggan Enchanter)                Turns: 6510, Time: 00:09:26

Health: -4/36      AC:  2    Str:  4    XL:     8   Next: 49%
Magic:  20/27      EV: 20    Int: 19    God:    Dithmenos [*.....]
Gold:   317        SH:  0    Dex: 15    Spells: 11/19 levels left

rFire   . . .      SeeInvis +   g - +2 dagger
rCold   + . .      Faith    .   (no shield)
rNeg    . . .      Spirit   .   b - +0 robe
rPois   .          Reflect  .   (helmet restricted)
rElec   .          Harm     .   (no cloak)
rCorr   .          Rampage  .   (gloves unavailable)
Will    +....                   (boots unavailable)
Stlth   +++++.....              (no amulet)
HPRegen 0.12/turn               a - ring "Zijipn" {rC+ MP+9}
MPRegen 0.20/turn               (no ring)

@: very slightly contaminated, wreathed by umbra, very quick
A: very small, no large weapons, unfitting armour, see invisible, speed 3
a: Renounce Religion


You were on level 6 of the Dungeon.
You worshipped Dithmenos.
Dithmenos was aware of your devotion.
You visited 1 branch of the dungeon, and saw 7 of its levels.

You collected 317 gold pieces.

Inventory:

Hand Weapons
 g - a +2 dagger (weapon)
Missiles
 q - 11 poisoned darts
Armour
 b - a +0 robe (worn)
 e - an orb of light
Jewellery
 a - the ring "Zijipn" (left hand) {rC+ MP+9}
   (You found it on level 6 of the Dungeon)

   [ring of magical power]

   rC:        It protects you from cold.
   MP:        It affects your magic capacity (+9).
Wands
 G - a wand of light (9)
Scrolls
 c - 5 scrolls of teleportation {!d!d}
 d - a scroll of magic mapping {!d}
 h - a scroll of silence {!r}
 i - a scroll of noise
 l - 2 scrolls of immolation {!r}
 n - 2 scrolls of fear {unknown}
 y - a scroll of poison {unknown}
 z - 2 scrolls of vulnerability {unknown}
Potions
 f - 3 potions of curing {unknown}
 j - 2 potions of attraction {unknown}
 k - 2 potions of flight {unknown}
 m - a potion of haste {unknown}
 o - a potion of mutation {unknown}
 p - a potion of invisibility {!d}
 r - a potion of berserk rage {unknown}
 t - a potion of lignification {unknown}
 v - a potion of heal wounds {unknown}
 w - a potion of brilliance {unknown}
 x - a potion of might {unknown}


   Skills:
 + Level 5.1 Short Blades
 + Level 6.7 Dodging
 + Level 8.6 Stealth
 + Level 6.2 Spellcasting
 + Level 6.7 Hexes


You had 11 spell levels left.
You knew the following spells:

 Your Spells              Type           Power      Damage    Failure   Level
a - Ensorcelled Hibernat  Hex/Ice        36%        N/A       4%          2
b - Confusing Touch       Hex            31%        N/A       1%          3
c - Tukima's Dance        Hex            31%        N/A       1%          3

Your spell library contained the following spells:

 Spells                   Type           Power      Damage    Failure   Level
 Dazzling Flash           Conj/Hex       36%        N/A       9%          3
 Scorch                   Fire           10%        2d5       17%         2
 Gell's Gravitas          Tloc           5%         N/A       32%         3
 Teleport Other           Tloc           5%         N/A       32%         3
 Flame Wave               Conj/Fire      5%         2d5       73%         4
 Dispersal                Tloc           2%         N/A       100%        6
 Summon Cactus Giant      Summ           2%         N/A       100%        6


Dungeon Overview and Level Annotations

Branches:
Dungeon (7/15) Zot: 26633
 Temple: D:4-7

Altars:
Dithmenos

Shops:
D:3 (

Annotations:
D:4 exclusion: 2 downstairs
D:6 exclusion: jelly


Innate Abilities, Weirdness & Mutations

You are very small and have problems with some larger weapons.
You are too small for most types of armour.
You have supernaturally acute eyesight. (SInv)
You cover ground extremely quickly. (Speed+++)


Message History

The orc shouts!
You hear a shout!
The orc wizard shouts!
The orc looks drowsy...
An orc priest comes into view. It is wielding a +0 flail.
The orc shouts!
You hit the orc.
The orc is heavily wounded.
The orc misses you.
The orc is unaffected.
The orc misses you.
You miscast Ensorcelled Hibernation.
You are very lightly contaminated with residual magic.
Nothing appears to happen.
The orc priest looks encouraged for a moment.
An orc priest comes into view. It is wielding a +0 club.
The orc hits you with a +0 mace.
You hit the orc but do no damage.
The orc is heavily wounded.
The orc wizard mumbles some strange words.
The orc wizard flickers and vanishes for a moment.
The orc closely misses you.
You hit the orc.
You kill the orc!
Dithmenos accepts your kill.
The orc priest hits you with a +0 flail!
Things that are here:
a +0 mace; a +0 leather armour The orc priest resists with some effort.
The orc priest misses you.
The orc priest calls down the wrath of Beogh upon you.
Beogh smites you!
* * * LOW HITPOINT WARNING * * *
Aiming: Bolt of Light
Press: ? - help, Shift-Dir - straight line, f/p - orc priest
Aim: an orc priest, wielding a +0 flail (umbra, 71% to hit)
The bolt of light hits the orc priest!
The orc priest is severely wounded.
The orc priest is blinded.
The bolt of light hits the orc wizard!
You kill the orc wizard!
Dithmenos accepts your kill.
The orc priest hits you with a +0 flail!
You die...

##.##.#...........
###................
...................
########...........
..##.<.........
#.##........... #
#.##...........
#o####.##...........
#)o@....#...........
#.####..............
# ##.#...........
#.............
###....)...)..
#....)....†.
#...........
#...........
#...........


You could see 2 orc priests.

Vanquished Creatures
  A wyvern (D:5)
  A water moccasin (D:5)
  A black bear (D:6)
  An ice beast (D:5)
  3 ogres (D:5)
  A gnoll sergeant (D:4)
  2 scorpions (D:5)
  3 jellies (D:6)
  6 hounds
  3 orc priests
  2 orc wizards
  8 adders
  5 gnolls
  A shadow imp (D:5)
  A white imp (D:5)
  2 ufetubi (D:5)
  3 worms
  A dart slug (D:3)
  7 orcs
  4 bats
  6 endoplasms
  2 giant cockroaches (D:1)
  6 goblins
  5 hobgoblins
  8 kobolds
  3 quokkas
  5 ball pythons
  3 frilled lizards
  7 rats
101 creatures vanquished.

Notes
Turn   | Place    | Note
-------+----------+-------------------------------------------
     0 | D:1      | buhh the Spriggan Enchanter began the quest for the Orb.
     0 | D:1      | Reached XP level 1. HP: 9/9 MP: 5/5
   357 | D:1      | Reached XP level 2. HP: 13/13 MP: 6/6
   374 | D:1      | Learned a level 2 spell: Ensorcelled Hibernation
   636 | D:1      | Reached XP level 3. HP: 16/16 MP: 3/8
  1102 | D:1      | Reached skill level 5 in Stealth
  1718 | D:2      | Found a shadowy altar of Dithmenos.
  1858 | D:2      | Became a worshipper of Dithmenos the Shadowed
  1933 | D:2      | Reached XP level 4. HP: 21/21 MP: 7/10
  2228 | D:3      | Found Ficif's Weapon Shop.
  3536 | D:4      | Reached XP level 5. HP: 17/24 MP: 6/11
  3771 | D:5      | Entered Level 5 of the Dungeon
  3771 | D:5      | Noticed an ice beast
  3920 | D:5      | Reached * piety under Dithmenos
  3921 | D:5      | Reached skill level 6 in Stealth
  3958 | D:5      | Killed an ice beast
  3959 | D:5      | Reached skill level 5 in Hexes
  3959 | D:5      | Reached XP level 6. HP: 11/28 MP: 6/13
  3966 | D:5      | Noticed a water moccasin
  3974 | D:5      | Killed a water moccasin
  3975 | D:5      | Reached skill level 5 in Dodging
  4013 | D:5      | Reached XP level 7. HP: 17/32 MP: 8/15
  4423 | D:5      | Learned a level 3 spell: Confusing Touch
  4427 | D:5      | Learned a level 3 spell: Tukima's Dance
  4641 | D:5      | Reached skill level 7 in Stealth
  4641 | D:5      | Reached skill level 5 in Spellcasting
  4823 | D:5      | Noticed a wyvern
  5636 | D:5      | Killed a wyvern
  5637 | D:5      | Reached skill level 8 in Stealth
  5637 | D:5      | Reached XP level 8. HP: 36/36 MP: 14/17
  6230 | D:6      | Reached skill level 5 in Short Blades
  6400 | D:6      | Identified the ring "Zijipn" {rC+ MP+9}
  6510 | D:6      | Slain by an orc priest

Illustrated notes

Levels and vault maps discovered:
D:1:      minmay_arrival_doors, layout_basic, corexii_item_surrounded_by_moat
D:2:      layout_loops_ring, basic_altar
D:3:      layout_rooms, serial_shops, shop
D:4:      layout_basic
D:5:      layout_rooms, item_on_display_a
D:6:      layout_basic, chequers_serial_rivers_micro_c
D:7:      layout_loops_ring, minmay_temple_entry_ruins, hangedman_decor_growths,
          serial_park_tiny_1, uniq_crazy_yiuf_cottage, uniq_prince_ribbit1

Skill      XL: |  1  2  3  4  5  6  7  8 |
---------------+-------------------------+-----
Dodging        | 3 4 5 6 |  6.7
Spellcasting   | 3 4 5 6 |  6.2
Hexes          | 4 5 6 |  6.7
Stealth        | 5 6 8 |  8.6
Short Blades   | 2 3 4 5 |  5.1

Action                   |  1- 3 |  4- 6 |  7- 9 || total
-------------------------+-------+-------+-------++-------
Melee: Dagger            |    70 |    52 |    69 ||   191
 Cast: Ensorcelled Hiber |    23 |    34 |    46 ||   103
       Confusing Touch   |       |       |     2 ||     2
Evoke: Wand              |       |       |     1 ||     1
  Use: Potion            |       |     1 |       ||     1
       Scroll            |       |       |     7 ||     7
 Stab: Sleeping          |    28 |    30 |    24 ||    82
       Confused          |       |       |     1 ||     1
Armor: Robe              |     4 |     3 |     4 ||    11
Dodge: Dodged            |    49 |    37 |    63 ||   149

Table legend: (Time is in decaauts)
 A = Elapsed time spent in this place.
 B = Non-inter-level travel time spent in this place.
 C = Inter-level travel time spent in this place.
 D = Time resting spent in this place.
 E = Time spent auto-exploring this place.
 F = Levels seen in this place.
 G = Mean time per level.
                   A        B        C        D        E       F      G
               +--------+--------+--------+--------+--------+-----+--------+
         Total |   5182 |   4979 |    203 |    792 |   3343 |   7 |  740.3 |
       Dungeon |   5182 |   4979 |    203 |    792 |   3343 |   7 |  740.3 |
               +--------+--------+--------+--------+--------+-----+--------+

Top non-repeatable levels by time:
     D:5: 1305 daAuts
     D:4: 1069 daAuts
     D:1: 969 daAuts
     D:3: 793 daAuts
     D:2: 664 daAuts
     D:6: 369 daAuts
     D:7: 11 daAuts
